 Dungeon Crawl Stone Soup version 0.31-a0-319-g4fced400ed (webtiles) character file.

Game seed: 7885361262185562714

(classic levelgen) 227060 Amnesiac the Warrior (level 18, 122/134 (135) HPs)
             Began as a Spriggan Earth Elementalist on July 17, 2023.
             Was the Champion of Ashenzari.
             Quit the game on level 14 of the Dungeon.
             The game lasted 02:43:05 (36666 turns).

Amnesiac the Warrior (Spriggan Earth Elementalist) Turns: 36666, Time: 02:43:06

HP:   122/134 (135) AC: 12    Str:  7    XL:     18   Next: 66%
MP:   36/38         EV: 34    Int: 22    God:    Ashenzari [******]
Gold: 2373          SH: 15    Dex: 21    Spells: 28/48 levels left

rFire   + . .        k - +8 dagger "Bound Incredulity" {distort, Self, Melee} (curse)
rCold   + + .        U - +0 buckler "Behold Eternity" {Self, Fort} (curse)
rNeg    . . .        A - +1 steam dragon scales of Ashenzari's Urgency {Fort, Elem} (curse)
rPois   .            w - +1 hat "Sibylline Restlessness" {Self, Melee} (curse)
rElec   .            W - +2 cloak "Oracular Vision" {Will+, Range, Elem} (curse)
rCorr   .            (gloves unavailable)
SInv    +            (boots unavailable)
Will    +++++        Y - brooch of Shielding {Spirit SH+8, Cun, Bglg} (curse)
Stlth   ++++++++     M - ring of the Cryptic Cosmos {rF+, Cun, Self} (curse)
HPRegen 0.42/turn    t - ring "Oracular Bad Feelings" {rC+ Will+ Str+3 Dex+3 Stlth+, Self, Dev} (curse)
MPRegen 0.26/turn

%: clarity, guardian spirit
@: lightly drained, very quick
A: very small, no large weapons, unfitting armour, see invisible, speed 3, cold
resistance 1, robust 1, inability to drink after injury 1
}: 1/15 runes: serpentine
a: Renounce Religion, Shatter the Chains


You were on level 14 of the Dungeon.
You worshipped Ashenzari.
Ashenzari was exalted by your worship.
You visited 5 branches of the dungeon, and saw 28 of its levels.
You also visited: Sewer, Gauntlet and Ice Cave.

You collected 4065 gold pieces.
You spent 1692 gold pieces at shops.

Inventory:

Hand Weapons
 k - the cursed +8 dagger "Bound Incredulity" (weapon) {distort, Self, Melee}
   (You took it off a deep elf zephyrmancer on level 1 of the Elven Halls)

   It has a curse which improves the following skills: Introspection: Fighting
   and Spellcasting.
   Melee Combat: Short Blades, Long Blades, Axes, Maces & Flails, Polearms,
   Staves and Unarmed Combat.
 y - the +8 quick blade of the Bedazzling Pariah {heavy, rPois rCorr Str+2 Int-3}
   (You took it off a deep elf zephyrmancer on level 3 of the Elven Halls)

   Str:       It affects your strength (+2).
   Int:       It affects your intelligence (-3).
   rPois:     It protects you from poison.
   rCorr:     It protects you from acid and corrosion.
Missiles
 i - 8 curare-tipped darts
 n - 2 throwing nets
Armour
 w - the cursed +1 hat "Sibylline Restlessness" (worn) {Self, Melee}
   (You found it in an ice cave)

   It has a curse which improves the following skills: Introspection: Fighting
   and Spellcasting.
   Melee Combat: Short Blades, Long Blades, Axes, Maces & Flails, Polearms,
   Staves and Unarmed Combat.
 A - the cursed +1 steam dragon scales of Ashenzari's Urgency (worn) {Fort, Elem}
   (You took it off Maggie on level 6 of the Dungeon)

   It has a curse which improves the following skills: Fortitude: Armour and
   Shields.
   Elements:  Fire Magic, Ice Magic, Air Magic and Earth Magic.
 C - the +3 hat of Ohyifi {rElec}
   (You found it in a Gauntlet)

   rElec:     It insulates you from electricity.
 U - the cursed +0 buckler "Behold Eternity" (worn) {Self, Fort}
   (You took it off a spriggan on level 5 of the Lair of Beasts)

   It has a curse which improves the following skills: Introspection: Fighting
   and Spellcasting.
   Fortitude: Armour and Shields.
 W - the cursed +2 cloak "Oracular Vision" (worn) {Will+, Range, Elem}
   (You bought it in a shop on level 1 of the Snake Pit)

   It has a curse which improves the following skills: Ranged Combat: Ranged
   Weapons and Throwing.
   Elements:  Fire Magic, Ice Magic, Air Magic and Earth Magic.
 X - a +1 cloak of poison resistance
Jewellery
 m - a +6 ring of intelligence
 t - the cursed ring "Oracular Bad Feelings" (right hand) {rC+ Will+ Str+3 Dex+3 Stlth+, Self, Dev}
   (You found it on level 5 of the Dungeon)

   [ring of willpower]

   Str:       It affects your strength (+3).
   Dex:       It affects your dexterity (+3).
   rC:        It protects you from cold.
   Will:      It increases your willpower.
   Stlth:     It makes you more stealthy.
   It has a curse which improves the following skills: Introspection: Fighting
   and Spellcasting.
   Devices:   Evocations and Shapeshifting.
 v - a ring of wizardry
 D - a +6 ring of intelligence
 M - the cursed ring of the Cryptic Cosmos (left hand) {rF+, Cun, Self}
   (You found it on level 11 of the Dungeon)

   [ring of protection from fire]

   rF:        It protects you from fire.
   It has a curse which improves the following skills: Cunning: Dodging and
   Stealth.
   Introspection: Fighting and Spellcasting.
 Y - the cursed brooch of Shielding (around neck) {Spirit SH+8, Cun, Bglg}
   (You found it on level 3 of the Snake Pit)

   [amulet of guardian spirit]

   It causes incoming damage to be divided between your reserves of health and
   magic.
   SH:        It affects your SH (+8).
   It has a curse which improves the following skills: Cunning: Dodging and
   Stealth.
   Beguiling: Conjurations, Hexes and Translocations.
 Z - a +6 ring of intelligence
Wands
 e - a wand of flame (38)
 l - a wand of digging (5)
 o - a wand of mindburst (27)
 q - a wand of acid (5)
 u - a wand of charming (11)
 H - a wand of polymorph (13)
 I - a wand of iceblast (60)
Scrolls
 h - 4 scrolls of torment {!r}
 r - 16 scrolls of teleportation {!r}
 s - 5 scrolls of revelation {!r}
 z - 3 scrolls of enchant armour {!r}
 E - 2 scrolls of fear {!r}
 F - 2 scrolls of butterflies {!r}
 L - 4 scrolls of brand weapon {!r}
 N - a scroll of fog {!r}
 P - a scroll of blinking {!r}
 R - a scroll of poison {!r}
 T - 2 scrolls of silence {!r}
Potions
 a - 2 potions of mutation {!q}
 b - 3 potions of magic {!q}
 c - 6 potions of heal wounds {!q}
 f - 12 potions of curing {!q}
 g - 2 potions of resistance {!q}
 j - 5 potions of attraction {!q}
 p - 7 potions of lignification {!q}
 x - 6 potions of haste {!q}
 B - 2 potions of brilliance {!q}
 J - 5 potions of invisibility {!q}
 Q - 2 potions of ambrosia {!q}
 V - 2 potions of berserk rage {!q}
Miscellaneous
 d - a condenser vane
 G - a sack of spiders
 K - a lightning rod (4/4)
 O - a phantom mirror
 S - a piece from Xom's chessboard (15/15)


   Skills:
 + Level 18.9(25.2) Fighting
 - Level 7.7(11.4) Short Blades
 - Level 5.0(8.4) Armour
 - Level 15.3(18.8) Dodging
 - Level 12.3(15.9) Stealth
 - Level 4.6(8.0) Shields
 - Level 9.3(15.8) Spellcasting
 - Level 2.9(5.0) Conjurations
 - Level 13.9 Transmutations
 - Level 13.3(16.9) Earth Magic
 - Level 6.5(9.0) Evocations


You had 28 spell levels left.
You knew the following spells:

 Your Spells              Type           Power      Damage    Failure   Level
a - Sandblast             Erth           100%       2d20      0%          1
b - Passwall              Tmut/Erth      59%        N/A       0%          2
c - Stone Arrow           Conj/Erth      100%       3d13      1%          3
d - Irradiate             Conj/Tmut      28%        3d21      2%          5
e - Petrify               Tmut/Erth      71%        N/A       1%          4
f - Borgnjor's Vile Clut  Necr/Erth      26%        N/A       4%          5

Your spell library contained the following spells:

 Spells                   Type           Power      Damage    Failure   Level
 Sting                    Tmut/Pois      100%       1d8       1%          1
 Ignite Poison            Fire/Tmut/Pois 38%        N/A       1%          3
 Animate Armour           Summ/Erth      100%       N/A       1%          4
 Momentum Strike          Conj/Tloc      58%        3d9       2%          2
 Apportation              Tloc           36%        N/A       4%          1
 Necrotise                Necr           68%        1d7       4%          1
 Summon Small Mammal      Summ           68%        N/A       4%          1
 Dazzling Flash           Conj/Hex       58%        N/A       4%          3
 Blink                    Tloc           36%        N/A       6%          2
 Lesser Beckoning         Tloc           36%        N/A       6%          2
 Cigotuvi's Dreadful Rot  Necr/Pois/Air  36%        N/A       7%          2
 Poisonous Vapours        Pois/Air       36%        N/A       7%          2
 Yara's Violent Unravell  Hex/Tmut       24%        3d11      7%          5
 Sublimation of Blood     Necr           17%        N/A       8%          2
 Alistair's Intoxication  Tmut/Pois      32%        N/A       8%          5
 Ozocubu's Armour         Ice            19%        N/A       12%         3
 Volatile Blastmotes      Fire/Tloc      38%        2d13      12%         3
 Gell's Gravitas          Tloc           18%        N/A       13%         3
 Portal Projectile        Hex/Tloc       36%        N/A       13%         3
 Teleport Other           Tloc           18%        N/A       13%         3
 Tukima's Dance           Hex            18%        N/A       13%         3
 Fulminant Prism          Conj/Hex       14%        3d9       16%         4
 Iskenderun's Mystic Bla  Conj/Tloc      29%        2d7       16%         4
 Sticky Flame             Conj/Fire      29%        2d5       16%         4
 Passage of Golubria      Tloc           18%        N/A       38%         4
 Eringya's Noxious Bog    Tmut/Pois      24%        4d6       38%         6
 Summon Ice Beast         Ice/Summ       18%        N/A       41%         4
 Animate Dead             Necr           17%        N/A       43%         4
 Dispel Undead            Necr           17%        3d10      43%         4
 Olgreb's Toxic Radiance  Pois           17%        N/A       43%         4
 Metabolic Englaciation   Hex/Ice        9%         N/A       75%         5
 Silence                  Hex/Air        9%         N/A       75%         5
 Summon Forest            Summ/Tloc      9%         N/A       77%         5
 Starburst                Conj/Fire      14%        6d6       94%         6
 Lehudib's Crystal Spear  Conj/Erth      30%        10d8      98%         8
 Death Channel            Necr           8%         N/A       100%        6
 Dispersal                Tloc           9%         N/A       100%        6
 Simulacrum               Ice/Necr       9%         N/A       100%        6
 Haunt                    Necr/Summ      8%         N/A       100%        7
 Summon Hydra             Summ           8%         N/A       100%        7
 Ignition                 Fire           9%         3d5       100%        8
 Maxwell's Capacitive Co  Air            9%         ∞         100%        8


Dungeon Overview and Level Annotations

Branches:
Dungeon (14/15)            Temple (0/1) D:6            Lair (5/5) D:11
 Shoals (0/4) Lair:2        Snake (4/4) Lair:3        Slime (0/5) Lair:4
    Orc (2/2) D:12            Elf (3/3) Orc:2         Sewer (visited)
  IceCv (visited)         Gauntlet (visited)
 Vaults: D:13-14

Altars:
Ashenzari
Elyvilon
Hepliaklqana
Kikubaaqudgha
Okawaru
Qazlal
Uskayaw
Vehumet
Wu Jian

Shops:
D:1 [   D:14 *   Orc:2 =[(((   Elf:1 :*   Elf:3 (   Snake:1 *[   Snake:2 [


Innate Abilities, Weirdness & Mutations

You are very small and have problems with some larger weapons.
You are too small for most types of armour.
You have supernaturally acute eyesight. (SInv)
You cover ground extremely quickly. (Speed+++)
Your flesh is cold resistant. (rC+)
You are robust. (+10% HP)
You occasionally lose the ability to drink potions when taking damage.


Message History

Magic restored.
You open the door.
A minotaur comes into view.
It is wielding the +2 arbalest "Hugieboa" {speed, rC+ Dex+4} and quivering silver javelins.
Found four items.
Casting: Sandblast (safe; 0% risk of failure)
Confirm with . or Enter, or press ? or * to list all spells.
Aiming: Petrify (safe; 1% risk of failure)
Press: ? - help, Shift-Dir - straight line, f - minotaur
Aim: a minotaur, wielding the +2 arbalest "Hugieboa" {speed, rC+ Dex+4}, wearing +1 fire dragon scales and quivering silver javelins (wandering, hasn't noticed you, chance to affect: 16%)
Okay, then.
Unknown command.
Casting: Petrify (safe; 1% risk of failure)
Confirm with . or Enter, or press ? or * to list all spells.
Aiming: Petrify (safe; 1% risk of failure)
Press: ? - help, Shift-Dir - straight line, f - minotaur
Aim: a minotaur, wielding the +2 arbalest "Hugieboa" {speed, rC+ Dex+4}, wearing +1 fire dragon scales and quivering silver javelins (wandering, hasn't noticed you, chance to affect: 16%)
The minotaur bellows!
The minotaur resists with almost no effort.
The minotaur shoots a bolt.
You block the bolt.
The minotaur shoots a bolt.
You block the bolt.
The minotaur shoots a bolt.
The bolt completely misses you.
Found a gate leading back out of this place.
There is an open door here.
Press: ? - help, v - describe, . - travel, g - get item
Items here: : ? [ ÷.
The floor, spattered with blood.
Things that are here:
a +0 plate armour; an orc skeleton The minotaur shoots a bolt.
You block the bolt.
Items here: : ? [ ÷.
r - 15 scrolls of teleportation {!r} (gained 2)
You pick up a book of Spatial Translocations and begin reading...
You add the spells Blink, Momentum Strike and Lesser Beckoning to your library.
The minotaur shoots a bolt.
The bolt completely misses you.
Items here: /// ÷.
q - a wand of acid (5) (gained 4 charges)
u - a wand of charming (11) (gained 6 charges)
o - a wand of mindburst (27) (gained 9 charges)
The minotaur shoots a bolt.
The bolt misses you.
The minotaur shoots a bolt.
The bolt closely misses you.
There is a gate leading back out of this place here.
HP restored.
The minotaur shoots a bolt.
The bolt barely misses you.
The minotaur shoots a bolt.
The bolt hits you!!
Welcome back to the Dungeon!
There is an empty arch of ancient stone here.
You see here a scroll of teleportation {!r}.
r - 16 scrolls of teleportation {!r} (gained 1)
There is an empty arch of ancient stone here.
Casting: Petrify (safe; 1% risk of failure)
Confirm with . or Enter, or press ? or * to list all spells.
Aiming: Passwall (safe; 0% risk of failure)
Press: ? - help, Dir - move target A rock wall.
You begin to meditate on the wall.
You continue meditating on the rock. x4
You finish merging with the rock.
The helpless wraith fails to defend itself.
You perforate the wraith like a sieve!!!!!
You destroy the wraith!
Things that are here:
a +2 robe of fire resistance; a +0 dagger; the human corpse of Josephine You now have 2373 gold pieces (gained 12).
Unknown command.
f - 12 potions of curing {!q} (gained 1) Are you sure you want to abandon this character and quit the game? (Confirm with "yes".)

*, ...,, #..#*+ ** ***
*#.# ,,.,, #..#{ , { *
,#.# * ,, #..# ,,+ ,+ ,
#.. , ,,,,#######..#{ ,*{
,*{ {#.. , ,,,
,.........#############..
* , ,,,
.#+#####................
,,,,, ,,
#......#........#.##... ,
, ** *
##......#.........[##... *
,*, ,
.......@#........#####.# ,
* , ,........#........#
#.# *, *
,###.....#........#####.#
, .......................#
,*, *
**###+++##...............#
* , , , ,
,,,,,#...............# *,
, { + {,{
#............∩..# ,* ,*, ,
{ {,#...............# * ,
,, {, , ,
∆#......)..#######


There were no monsters in sight!

Vanquished Creatures
  Vashnia (Snake:3)
  Saint Roka (Orc:2)
  Nikola (Elf:2)
  Jorgrun (D:12)
  2 deep elf blademasters
  Asterion (Elf:1)
  2 deep elf master archers (Elf:3)
  Frances (D:12)
  Aizul (Snake:3)
  Donald (Snake:4)
  7 nagarajas
  A frost giant (IceCv)
  An orc warlord (Orc:2)
  3 deep elf sorcerers (Elf:3)
  3 deep elf elementalists (Elf:3)
  5 deep elf annihilators (Elf:3)
  7 deep elf demonologists (Elf:3)
  A dire elephant (Lair:2)
  Josephine (D:14)
  7 deep elf death magi
  3 deep elf high priests (Elf:3)
  Fannar (D:10)
  Erica (Lair:1)
  11 anacondas
  5 hydras
  4 boulder beetles
  2 tengu warriors (D:10)
  22 dancing weapons
  5 two-headed ogres
  11 naga warriors
  13 death yaks
  3 orc high priests
  4 shock serpents
  10 naga sharpshooters
  22 deep elf knights
  4 large abominations (Elf:1)
  A skyshark (Lair:4)
  The ghost of flestrin the Destroyer, a novice GnCj of Ashenzari (D:7)
  6 sea snakes (Snake:4)
  A salamander mystic (Snake:4)
  2 naga ritualists
  A harpy (shapeshifter) (Elf:3)
  23 deep elf zephyrmancers
  4 orc knights
  12 deep elf archers
  2 necromancers (Elf:1)
  33 deep elf pyromancers
  7 mana vipers
  5 oklob plants (Lair:4)
  5 cyclopes
  5 orc sorcerers
  An ugly thing (D:8)
  6 salamanders
  30 black mambas
  33 elephants
  A gargoyle (D:12)
  A guardian serpent (Snake:4)
  An ice statue (IceCv)
  19 naga magi
  An unseen horror (D:12)
  14 cane toads
  A kobold demonologist (D:11)
  Maggie (D:6)
  6 rime drakes
  7 komodo dragons
  10 polar bears
  8 trolls
  A wolf spider simulacrum (Gauntlet)
  5 hornets
  9 dream sheep (Lair:5)
  14 blink frogs
  A snapping turtle (Lair:2)
  3 air elementals
  4 wyverns
  12 spriggans
  2 water elementals
  10 wraiths
  55 yaks
  A slime creature (shapeshifter) (Elf:3)
  3 basilisks
  2 fire bats (Gauntlet)
  A human (shapeshifter) (D:10)
  A fire elemental (Elf:3)
  3 steam dragons
  5 vampire mosquitoes
  5 wargs
  40 nagas
  2 acid dragons
  16 water moccasins
  A hell hound (Gauntlet)
  39 orc warriors
  4 black bears
  A sky beast (D:7)
  6 ice beasts
  11 ogres
  5 boggarts (Lair:5)
  44 wolves
  8 centaurs
  5 kobold brigands
  2 phantoms
  An elf zombie (Elf:1)
  16 bullfrogs
  5 scorpions
  2 gnoll sergeants
  An earth elemental (Elf:1)
  10 wights
  4 killer bees (D:8)
  9 howler monkeys
  An electric eel (Lair:1)
  3 hounds (D:5)
  Crazy Yiuf (D:7)
  16 orc priests
  2 gnoll boudas
  3 jellies
  2 sleepcaps
  Ijyb (D:3)
  4 iguanas
  20 orc wizards
  5 hell rats (Lair:5)
  15 gnolls
  3 river rats (D:6)
  10 adders
  A shadow imp (D:5)
  12 white imps (Orc:2)
  3 ufetubi
  5 worms
  2 dart slugs
  94 orcs
  15 ball pythons
  17 endoplasms
  4 giant cockroaches
  3 goblins
  7 hobgoblins
  7 jackals
  25 kobolds
  8 quokkas
  5 bats
  10 frilled lizards
  10 rats
1100 creatures vanquished.

Vanquished Creatures (collateral kills)
  A wolf (IceCv)
1 creature vanquished.

Vanquished Creatures (others)
  A deep elf knight (Elf:1)
  A deep elf pyromancer (Elf:1)
  A naga (Snake:1)
  An orc (D:8)
4 creatures vanquished.

Grand Total: 1105 creatures vanquished

Notes
Turn   | Place    | Note
-------+----------+-------------------------------------------
     0 | D:1      | Amnesiac the Spriggan Earth Elementalist began the quest
                  | for the Orb.
     0 | D:1      | Reached XP level 1. HP: 9/9 MP: 5/5
    79 | D:2      | Reached XP level 2. HP: 13/13 MP: 4/7
   173 | D:3      | Found a broken altar of Ashenzari.
   183 | D:3      | Learned a level 2 spell: Passwall
   187 | D:3      | Became a worshipper of Ashenzari the Shackled
   587 | D:1      | Reached XP level 3. HP: 16/16 MP: 4/8
   817 | D:1      | Found Xederi's Armour Shoppe.
  1127 | D:2      | Reached XP level 4. HP: 21/21 MP: 6/10
  1590 | D:2      | Found a faded altar of an unknown god.
  1670 | D:3      | Found a hide-covered altar of Uskayaw.
  1670 | D:3      | Found a hazy altar of Hepliaklqana.
  1987 | D:3      | Reached XP level 5. HP: 24/24 MP: 7/12
  2058 | D:3      | Noticed Ijyb
  2067 | D:3      | Killed Ijyb
  2369 | D:4      | Learned a level 4 spell: Petrify
  2374 | D:4      | Noticed an ogre
  2398 | D:4      | Reached skill level 5 in Earth Magic
  2398 | D:4      | Reached skill level 1 in Evocations
  2419 | D:4      | Killed an ogre
  2420 | D:4      | Reached skill level 5 in Spellcasting
  2420 | D:4      | Reached XP level 6. HP: 25/28 MP: 1/14
  2949 | D:4      | Reached * piety under Ashenzari
  3125 | D:5      | Entered Level 5 of the Dungeon
  3125 | D:5      | Noticed an orc warrior
  3266 | D:5      | Killed an orc warrior
  3267 | D:5      | Reached XP level 7. HP: 23/32 MP: 11/16
  3348 | D:5      | Found a stormy altar of Qazlal.
  3350 | D:5      | Found an ancient bone altar of Kikubaaqudgha.
  3379 | D:5      | Reached skill level 1 in Short Blades
  3594 | D:5      | Identified the ring of Naifeb {rC+ Will+ Str+3 Dex+3
                  | Stlth+}
  3798 | D:5      | Reached ** piety under Ashenzari
  3847 | D:5      | Reached XP level 8. HP: 36/36 MP: 15/20
  4139 | D:6      | Found a glowing drain.
  4266 | Sewer    | Entered a sewer
  4428 | Sewer    | Identified a scroll of acquirement
  4549 | D:6      | Found a staircase to the Ecumenical Temple.
  4714 | D:6      | Reached XP level 9. HP: 36/39 MP: 13/22
  4728 | D:6      | Noticed Maggie
  5276 | D:6      | Killed Maggie
  5277 | D:6      | Reached skill level 5 in Short Blades
  5291 | D:6      | Reached *** piety under Ashenzari
  5432 | D:7      | Found a runed translucent door.
  5432 | D:7      | Noticed flestrin's ghost (novice GnCj)
  5447 | D:7      | Killed flestrin's ghost
  5731 | D:7      | Reached skill level 5 in Dodging
  5931 | D:7      | Found a runed translucent door.
  5932 | D:7      | Noticed Crazy Yiuf
  5962 | D:7      | Killed Crazy Yiuf
  5970 | D:7      | Reached **** piety under Ashenzari
  6248 | D:7      | Reached XP level 10. HP: 44/44 MP: 21/26
  6595 | D:7      | Noticed a boulder beetle
  6622 | D:7      | Killed a boulder beetle
  6681 | D:7      | Noticed a cyclops
  6753 | D:7      | Killed a cyclops
  6754 | D:7      | Reached skill level 5 in Stealth
  6754 | D:7      | Reached skill level 1 in Fighting
  6839 | D:8      | Reached skill level 2 in Fighting
  6925 | D:8      | Noticed a brown ugly thing
  6928 | D:8      | Reached skill level 3 in Fighting
  6947 | D:8      | Killed a brown ugly thing
  7016 | D:8      | Reached skill level 4 in Fighting
  7223 | D:8      | Reached skill level 5 in Fighting
  7338 | D:8      | Reached skill level 6 in Fighting
  7451 | D:8      | Reached XP level 11. HP: 59/60 MP: 24/27
  8374 | D:9      | Reached skill level 7 in Fighting
  8875 | D:10     | Entered Level 10 of the Dungeon
  8951 | D:10     | Noticed a two-headed ogre
  8951 | D:10     | Killed a two-headed ogre
  8952 | D:10     | Reached skill level 5 in Transmutations
  9121 | D:10     | Noticed a two-headed ogre
  9137 | D:10     | Killed a two-headed ogre
  9138 | D:10     | Reached skill level 10 in Dodging
  9378 | D:10     | Noticed Fannar
  9434 | D:10     | Learned a level 3 spell: Stone Arrow
  9461 | D:10     | Killed Fannar
  9522 | D:10     | Noticed a tengu warrior
  9533 | D:10     | Noticed a tengu warrior
  9538 | D:10     | Killed a tengu warrior
  9551 | D:10     | Killed a tengu warrior
  9801 | D:10     | Noticed a two-headed ogre
  9814 | D:10     | Killed a two-headed ogre
  9818 | D:10     | Noticed a deep elf zephyrmancer
  9822 | D:10     | Killed a deep elf zephyrmancer
  9895 | D:10     | Reached skill level 10 in Stealth
 10116 | D:11     | Reached XP level 12. HP: 66/66 MP: 2/28
 10391 | D:11     | Found a staircase to the Lair.
 10430 | D:11     | Reached ***** piety under Ashenzari
 10651 | D:11     | Found an ornate altar of the Wu Jian Council.
 11025 | Lair:1   | Entered Level 1 of the Lair of Beasts
 11181 | Lair:1   | Reached skill level 5 in Evocations
 11738 | Lair:1   | Noticed Erica
 11752 | Lair:1   | Killed Erica
 12446 | D:12     | Noticed a boulder beetle
 12446 | D:12     | Killed a boulder beetle
 12454 | D:12     | Noticed Frances
 12454 | D:12     | Killed Frances
 12512 | D:12     | Noticed Jorgrun
 12537 | D:12     | Killed Jorgrun
 12630 | D:12     | Identified the +1 robe "Zytaut" {rPois rC+}
 12762 | D:12     | Noticed a two-headed ogre
 12769 | D:12     | Found a large runed translucent door.
 12771 | D:12     | Found a large runed translucent door.
 12773 | D:12     | Noticed a two-headed ogre
 12779 | D:12     | Found an iron altar of Okawaru.
 12789 | D:12     | Found an iron altar of Okawaru.
 12797 | D:12     | Killed a two-headed ogre
 12798 | D:12     | Reached XP level 13. HP: 71/71 MP: 14/29
 12914 | D:12     | Found a staircase to the Orcish Mines.
 12966 | D:12     | Reached skill level 10 in Transmutations
 12979 | D:12     | Reached skill level 10 in Earth Magic
 13294 | Orc:1    | Entered Level 1 of the Orcish Mines
 13473 | Orc:2    | Entered Level 2 of the Orcish Mines
 13493 | Orc:2    | Found Ruiblauq's Weapon Shop.
 13500 | Orc:2    | Found a frozen archway.
 13533 | IceCv    | Entered an ice cave
 13584 | IceCv    | Reached skill level 8 in Fighting
 14026 | IceCv    | Noticed a frost giant
 14061 | IceCv    | Killed a frost giant
 14180 | IceCv    | Identified the Writings on the Serac
 14417 | Orc:2    | Found a staircase to the Elven Halls.
 14482 | Orc:2    | Found Qucur's Jewellery Emporium.
 14875 | Orc:2    | Noticed an orc warlord
 14928 | Orc:2    | Killed an orc warlord
 15025 | Orc:2    | Noticed Saint Roka
 15065 | Orc:2    | Reached XP level 14. HP: 71/80 MP: 21/31
 15272 | Orc:2    | Found Dag Ron's Antique Weapon Emporium.
 15274 | Orc:2    | Found Fiappyf's Antique Armour Shoppe.
 15333 | Orc:2    | Reached skill level 9 in Fighting
 15464 | Orc:2    | Found Suroil's Weapon Shop.
 15539 | Orc:2    | Bought an embroidered robe for 96 gold pieces
 15724 | Orc:2    | Killed Saint Roka
 16770 | Orc:2    | Bought an amulet of guardian spirit for 480 gold pieces
 17844 | Lair:2   | Found a staircase to the Shoals.
 18473 | Lair:2   | Reached skill level 10 in Fighting
 19010 | Lair:3   | Found a staircase to the Snake Pit.
 19991 | Lair:4   | Reached XP level 15. HP: 34/87 MP: 6/32
 20310 | Lair:4   | Found a staircase to the Slime Pits.
 20592 | Lair:4   | Reached skill level 11 in Fighting
 21271 | Lair:5   | Entered Level 5 of the Lair of Beasts
 22969 | Lair:5   | Reached ****** piety under Ashenzari
 23173 | Elf:1    | Entered Level 1 of the Elven Halls
 23177 | Elf:1    | Reached skill level 1 in Shields
 23231 | Orc:2    | Paralysed by an air elemental for 1 turns
 23692 | Snake:1  | Entered Level 1 of the Snake Pit
 24035 | Snake:1  | Found Joejeshro's Antique Armour Shoppe.
 24043 | Snake:1  | Found Koet Gekkif's Assorted Antiques.
 24049 | Snake:1  | Bought a granite ring for 185 gold pieces
 24056 | Snake:1  | Bought an embroidered cloak for 247 gold pieces
 24056 | Snake:1  | Acquired 652 gold pieces
 24057 | Snake:1  | Acquired 413 gold pieces
 24279 | Snake:1  | Reached skill level 1 in Armour
 24450 | Snake:1  | Reached skill level 12 in Fighting
 24842 | Snake:1  | Reached XP level 16. HP: 98/98 MP: 34/34
 25002 | Snake:2  | Found Bigaital's Armour Shop.
 25530 | Snake:3  | Noticed Aizul
 25552 | Snake:3  | Killed Aizul
 26003 | Snake:3  | Learned a level 5 spell: Irradiate
 26056 | Snake:3  | Found the brooch of Shielding {Spirit SH+8}
 26169 | Snake:3  | Noticed Vashnia
 26942 | Snake:3  | Reached skill level 13 in Fighting
 27104 | Snake:3  | Reached skill level 5 in Armour
 27660 | Snake:3  | Killed Vashnia
 27995 | Snake:4  | Entered Level 4 of the Snake Pit
 28000 | Snake:4  | Found a white marble altar of Elyvilon.
 28433 | Snake:4  | Reached skill level 14 in Fighting
 28590 | Snake:4  | Noticed Donald
 28604 | Snake:4  | Killed Donald
 28869 | Snake:4  | Reached skill level 15 in Dodging
 29391 | Snake:4  | Reached skill level 1 in Conjurations
 29748 | Snake:4  | Reached XP level 17. HP: 105/105 MP: 31/35
 30331 | Snake:4  | Got a serpentine rune of Zot
 30594 | Elf:1    | Paralysed by an air elemental for 1 turns
 30690 | Elf:1    | Paralysed by an air elemental for 1 turns
 30827 | Elf:1    | Noticed Asterion
 30829 | Elf:1    | Found a radiant altar of Vehumet.
 30902 | Elf:1    | Found Dypso's General Store.
 30977 | Elf:1    | Reached skill level 15 in Fighting
 31005 | Elf:1    | Found Noutiy's Book Shop.
 31026 | Elf:1    | Bought Great Wizards, Vol. II for 684 gold pieces
 31032 | Elf:1    | Learned a level 5 spell: Borgnjor's Vile Clutch
 31216 | Elf:1    | Identified the Folio of the Morgue
 31720 | Elf:1    | Killed Asterion
 31902 | Elf:2    | Found a runed translucent gate.
 31902 | Elf:2    | Found a runed translucent gate.
 32153 | Elf:2    | Reached skill level 16 in Fighting
 32464 | Elf:2    | Found a runed translucent gate.
 32592 | Elf:3    | Entered Level 3 of the Elven Halls
 32650 | Elf:3    | Gained mutation: You are frail. (-10% HP) [mutagenic glow]
 32660 | Elf:3    | Gained mutation: You occasionally lose the ability to drink
                  | potions when taking damage. [mutagenic glow]
 33292 | Elf:2    | Noticed Nikola
 33416 | Elf:2    | Reached skill level 17 in Fighting
 33699 | Elf:2    | Killed Nikola
 33700 | Elf:2    | Reached XP level 18. HP: 97/108 MP: 20/38
 33711 | Elf:2    | Gained mutation: Your spells are a little easier to cast,
                  | but a little less powerful. [mutagenic glow]
 33732 | Elf:2    | Lost mutation: You occasionally lose the ability to drink
                  | potions when taking damage. [potion of mutation]
 33732 | Elf:2    | Lost mutation: Your spells are a little easier to cast, but
                  | a little less powerful. [potion of mutation]
 33732 | Elf:2    | Lost mutation: You are frail. (-10% HP) [potion of
                  | mutation]
 33732 | Elf:2    | Gained mutation: You are robust. (+10% HP) [potion of
                  | mutation]
 33732 | Elf:2    | Gained mutation: Your flesh is cold resistant. (rC+)
                  | [potion of mutation]
 34296 | Elf:3    | Found Dibaarogg's Antique Weapon Shop.
 34714 | Elf:3    | Reached skill level 18 in Fighting
 34801 | Elf:3    | Identified the +9 halberd of Yredelemnul's Hatred
                  | {antimagic, rC+ Str+5}
 34931 | Elf:3    | Noticed a Hell Sentinel
 35082 | Elf:3    | Noticed an Ice Fiend
 35082 | Elf:3    | Identified the +8 quick blade of the Bedazzling Pariah
                  | {heavy, rPois rCorr Str+2 Int-3}
 35082 | Elf:3    | Gained mutation: You occasionally lose the ability to drink
                  | potions when taking damage. [mutagenic glow]
 35367 | Elf:3    | Identified the +1 leather armour of Curiosity {rC- Str+4
                  | Slay+6}
 35785 | Elf:3    | Identified the +8 scimitar of Cheese {venom, Str+3 Int-3}
 35794 | Elf:3    | Identified the +0 cloak of Mumblety Peg {Will+ Dex+3}
 35945 | Elf:3    | Identified the ring of Ryeren {rPois rN+ rCorr MP+9 Dex+3}
 35963 | Elf:3    | Identified the +0 chain mail "Heihic" {Str+4}
 35988 | Elf:3    | Identified the +4 longbow of Ravage {drain, rC+ Will+ MP+9}
 35993 | Elf:3    | Identified the +1 scale mail of Vaelefyl {+Blink Str+2
                  | Slay-5}
 36238 | Elf:3    | Noticed a Tzitzimitl
 36373 | D:14     | Found Luov's General Store.
 36382 | D:14     | Noticed Josephine
 36391 | D:14     | Found a gate leading to a gauntlet.
 36406 | D:14     | Killed Josephine
 36460 | Gauntlet | Entered a Gauntlet
 36460 | Gauntlet | Found a transporter.
 36463 | Gauntlet | Found a transporter.
 36465 | Gauntlet | Found a transporter.
 36468 | Gauntlet | Found a transporter.
 36468 | Gauntlet | Found a transporter.
 36469 | Gauntlet | Found a transporter.
 36474 | Gauntlet | Identified the +3 hat of Ohyifi {rElec}
 36479 | Gauntlet | Found a transporter.
 36479 | Gauntlet | Identified Ehote's Octavo of Blistering Exhalation
 36543 | Gauntlet | Found a transporter.
 36584 | Gauntlet | Identified the +2 arbalest "Hugieboa" {speed, rC+ Dex+4}
 36666 | D:14     | Quit the game

Illustrated notes

Levels and vault maps discovered:
D:1:      ldierk_walled_garden_2, layout_loops_ring, serial_shops,
          nicolae_shop_window_shopping, corexii_hall_statues_x
D:2:      layout_loops_ring, shapermc_ecumenical_altar_hornbeckon
D:3:      layout_basic, ashenzari_conservatory_becter, jmf_multi_god_temple,
          kennysheep_nub, minmay_lizard_king, uniq_ijyb
D:4:      layout_cave_pods
D:5:      layout_gridville, nicolae_overflow_hidden_temple
D:6:      layout_loops_ring, minmay_temple_entry_tees, portal_sewer_entry_e,
          kennysheep_path_1, uniq_maggie
D:7:      nzn_winding_woodlands_three_and_one
          [nzn_winding_woodlands_5x15_split_checker,
          nzn_winding_woodlands_5x15_sidewinder,
          nzn_winding_woodlands_5x15_crooked,
          nzn_winding_woodlands_center_lodge], layout_loops_corners,
          hellmonk_ghost_happy_afterlife, uniq_crazy_yiuf_cottage
D:8:      minmay_opposing_rooms, layout_rooms, grunt_ministairs_13,
          hangedman_abyss_or_decor_stabs, minmay_misc_feat_columns
D:9:      layout_stronghold
D:10:     layout_loops_corners, evilmike_minifort, uniq_fannar
D:11:     layout_gridville, hellmonk_lair_entry_icy,
          pdpol_wu_jian_five_deadly_venoms
D:12:     okawaru_arena_lexackson, layout_basic, orc_0_dummy,
          lightli_fourway_metalbox, uniq_jorgrun, uniq_frances
D:13:     layout_roguey [special_room_bee], minmay_shop_mass, uniq_urug,
          uniq_nessos
D:14:     layout_irregular_city, grunt_vaults_entry_tiered,
          minmay_stone_trees_medium, serial_shops, nicolae_inconvenience_store,
          nicolae_stop_n_shop_2, shop, gauntlet_entry_generic,
          minmay_guarded_unrand_zonguldrok, uniq_josephine
Lair:1:   layout_cellular_growth, minivault_19, wad_woods_06,
          serial_bayou_shore_a, grunt_megastairs_5, uniq_erica
Lair:2:   mu_elephants_graveyard, layout_chaotic_city, minmay_shoals_entry_hut
Lair:3:   layout_concentric_octagons, minmay_snake_entry_guardpost_medium,
          infiniplex_staircase_pool_2, grunt_megastairs_3, lemuel_fruit_tree
Lair:4:   beast_lair_carwin_large_4, layout_layer_cave, slime_entry_1,
          chequers_serial_rivers_micro_b, minivault_19, dpeg_oklob_1
Lair:5:   minmay_lair_end_enchanted_forest, layout_hall_layers,
          columned_hall_lemuel
Snake:1:  layout_cave_shapes, minmay_shoptagon, nicolae_triple_integral
Snake:2:  layout_onion, hangedman_snake_corridor_split, minmay_shop_star
Snake:3:  layout_cave_pods, grunt_megastairs_1, uniq_aizul, uniq_vashnia
Snake:4:  grunt_snake_rune_pools, layout_onion, basic_altar,
          nicolae_snake_gridmaze_entwining, uniq_donald
Orc:1:    layout_caves, rock_pile
Orc:2:    grunt_orc_community_town_hall, layout_caves,
          grunt_orc_community_big_house_2, grunt_orc_community_big_house_2,
          grunt_orc_community_house_2, grunt_orc_community_house_3,
          grunt_orc_community_house_3, grunt_orc_community_house_1,
          grunt_orc_community_house_1, portal_ice_cave_entry_imps, serial_shops,
          nicolae_square_shop, nicolae_orc_sculptors_studio,
          nicolae_orc_lava_room
Elf:1:    layout_loops_ring, basic_altar, serial_shops,
          nicolae_shop_temple_entry_statues_fountains, nicolae_shop_peninsula,
          minmay_elf_necromancy, st_stairs_1, uniq_asterion
Elf:2:    elven_hall_of_blades_hangedman_original
          [nicolae_vaults_blade_armed_guards], layout_onion_city, uniq_nikola
Elf:3:    elf_hall, layout_loops_cross, serial_shops, nicolae_shop_stone

Skill      XL: |  1  2  3  4  5  6  7  8  9 10 11 12 13 14 15 16 17 18 |
---------------+-------------------------------------------------------+-----
Spellcasting   | 3 4 5 6 7 9 |  9.3
Earth Magic    | 3 4 5 6 8 9 11 13 | 13.3
Evocations     | 1 3 5 6 |  6.5
Short Blades   | 2 4 6 7 |  7.7
Transmutations | 2 5 9 11 13 | 13.9
Dodging        | 7 9 12 14 15 | 15.3
Stealth        | 5 10 12 | 12.3
Fighting       | 6 7 8 10 12 14 17 18 | 18.9
Shields        | 4 |  4.6
Armour         | 2 5 |  5.0
Conjurations   | 2 |  2.9

Action                     |  1- 3 |  4- 6 |  7- 9 | 10-12 | 13-15 | 16-18 || total
---------------------------+-------+-------+-------+-------+-------+-------++-------
  Melee: Unarmed           |    21 |       |       |       |       |       ||    21
         Dagger            |       |    40 |    41 |   214 |   570 |   471 ||  1336
         Punch             |       |       |       |     4 |     7 |       ||    11
   Cast: Sandblast         |    59 |    88 |   131 |   171 |   619 |   365 ||  1433
         Passwall          |     2 |     1 |    15 |    60 |    42 |    78 ||   198
         Petrify           |       |     2 |     6 |    58 |   159 |   116 ||   341
         Stone Arrow       |       |       |       |    22 |    29 |    17 ||    68
         Irradiate         |       |       |       |       |       |    71 ||    71
         Borgnjor's Vile C |       |       |       |       |       |    22 ||    22
 Invoke: Curse Item        |       |     2 |     3 |     1 |     3 |     4 ||    13
         Shatter the Chain |       |       |       |       |     1 |     4 ||     5
  Evoke: Wand              |       |       |       |       |     6 |    21 ||    27
         Phantom mirror    |       |       |       |       |     1 |       ||     1
         Lightning rod     |       |       |       |       |       |     7 ||     7
    Use: Scroll            |     1 |       |       |       |     6 |     6 ||    13
         Potion            |       |       |       |     1 |     7 |     4 ||    12
   Stab: Sleeping          |       |     2 |    16 |    36 |    79 |    59 ||   192
         Petrified         |       |     5 |     6 |    24 |    59 |    29 ||   123
         Petrifying        |       |       |     4 |    23 |    74 |    42 ||   143
         Distracted        |       |       |       |       |     1 |    11 ||    12
 Armour: Robe              |     3 |     6 |     1 |       |       |       ||    10
         Steam dragon scal |       |       |     1 |    19 |    77 |    39 ||   136
  Dodge: Dodged            |    32 |    65 |    72 |   284 |  1207 |   646 ||  2306
  Block: Buckler           |       |       |       |       |    35 |   492 ||   527
   Form: Beast             |       |     1 |       |       |       |       ||     1
                           |       |     1 |       |       |       |       ||     1

Table legend: (Time is in decaauts)
 A = Elapsed time spent in this place.
 B = Non-inter-level travel time spent in this place.
 C = Inter-level travel time spent in this place.
 D = Time resting spent in this place.
 E = Time spent auto-exploring this place.
 F = Levels seen in this place.
 G = Mean time per level.
                   A        B        C        D        E       F      G
               +--------+--------+--------+--------+--------+-----+--------+
         Total |  27736 |  26224 |   1512 |   8540 |   9359 |  31 |  894.7 |
       Dungeon |   8254 |   7783 |    471 |    768 |   4653 |  14 |  589.6 |
          Lair |   6015 |   5580 |    435 |   1696 |   2067 |   5 | 1203.0 |
     Snake Pit |   5246 |   5104 |    142 |   2438 |   1133 |   4 | 1311.5 |
  Orcish Mines |   2598 |   2244 |    354 |    957 |    550 |   2 | 1299.0 |
   Elven Halls |   4736 |   4627 |    109 |   2556 |    729 |   3 | 1578.7 |
         Sewer |    207 |    207 |      0 |      0 |     74 |   1 |  207.0 |
      Ice Cave |    560 |    560 |      0 |    100 |    150 |   1 |  560.0 |
      Gauntlet |    118 |    118 |      0 |     24 |      0 |   1 |  118.0 |
               +--------+--------+--------+--------+--------+-----+--------+

Top non-repeatable levels by time:
   Orc:2: 2205 daAuts
 Snake:3: 2122 daAuts
 Snake:4: 2029 daAuts
   Elf:3: 1764 daAuts
   Elf:2: 1762 daAuts
  Lair:5: 1493 daAuts
  Lair:2: 1374 daAuts
  Lair:4: 1349 daAuts
   Elf:1: 1208 daAuts
  Lair:1: 1089 daAuts
 Snake:1: 1003 daAuts
     D:7: 993 daAuts
    D:10: 805 daAuts
     D:9: 784 daAuts
    D:11: 765 daAuts
